 Dungeon Crawl Stone Soup version 0.30.0-19-g36f170ea60 (webtiles) character file.

Game seed: 15999908470404616563

4 olmar the Grave Robber (level 1, 0/13 HPs)
             Began as a Mummy Necromancer on May 28, 2023.
             Slain by a kobold
             ... wielding a +0 short sword
              (3 damage)
             ... on level 1 of the Dungeon.
             The game lasted 00:01:11 (215 turns).

olmar the Grave Robber (Mummy Necromancer)           Turns: 215, Time: 00:01:11

Health: 0/13       AC:  2    Str: 11    XL:     1   Next: 58%
Magic:  2/4        EV: 12    Int: 14    God:
Gold:   5          SH:  0    Dex: 12    Spells: 4/5 levels left

rFire   x . .        (no weapon)
rCold   + . .        (no shield)
rNeg    + + +        a - +0 robe
rPois   ∞            (no helmet)
rElec   .            (no cloak)
rCorr   .            (no gloves)
SInv    .            (no boots)
Will    .....        (no amulet)
Stlth   +            (no ring)
HPRegen 0.22/turn    (no ring)
MPRegen 0.09/turn

%: faith
@: silenced
A: cold resistance 1, negative energy resistance 3, torment resistance 2, heat
vulnerability 1, no potions, faith
a: no special abilities


You were on level 1 of the Dungeon.
You visited 1 branch of the dungeon, and saw 2 of its levels.

You collected 5 gold pieces.

Inventory:

Armour
 a - a +0 robe (worn)
Scrolls
 c - a scroll of teleportation {unknown}
 d - a scroll of blinking {unknown}


   Skills:
 + Level 1.5 Dodging
 + Level 1.5 Stealth
 + Level 2.8 Spellcasting
 + Level 4.2 Necromancy


You had 4 spell levels left.
You knew the following spells:

 Your Spells              Type           Power      Damage    Failure   Level
a - Necrotise             Necr           52%        1d6       3%          1

Your spell library contained the following spells:

 Spells                   Type           Power      Damage    Failure   Level
 Vampiric Draining        Necr           13%        2d6       12%         3
 Animate Dead             Necr           13%        N/A       36%         4
 Agony                    Necr           13%        N/A       71%         5


Dungeon Overview and Level Annotations

Branches:
Dungeon (2/15)

Altars:


Innate Abilities, Weirdness & Mutations

You are immune to poison.
Your flesh is cold resistant. (rC+)
You are immune to negative energy. (rN+++)
You are immune to unholy pain and torment.
You are vulnerable to heat. (rF-)
You do not drink.
You have a special connection with the divine. (Faith)


Message History

Your damage rating with unarmed combat is about 3 (Base [3 + 0 (UC)] x 102% (Str) x 100% (Fight)).
As you read the scroll labelled BAGEGO OMMUTS, it crumbles to dust.
A profound silence engulfs you.
It was a scroll of silence.
The jackal bites you. The rat bites you. The jackal bites you.
You hit the jackal.
You kill the jackal!
The rat misses you.
A bat comes into view.
You barely miss the rat. The jackal closely misses you. The rat bites you.
The jackal barely misses you.
You can't drink.
Unknown command.
You aren't carrying any items that you can evoke.
Unknown command.
You hit the rat.
You kill the rat!
The jackal bites you.
You completely miss the bat. The bat hits you but does no damage.
The bat closely misses you. The jackal bites you. The jackal barely misses you.
You hit the bat.
The bat is severely wounded.
The bat misses you. The jackal closely misses you.
You closely miss the bat.
The bat is heavily wounded.
The bat misses you. The jackal bites you. The bat closely misses you.
The jackal bites you.
* * * LOW HITPOINT WARNING * * *
A kobold comes into view. It is wielding a +0 short sword.
The bat barely misses you.
You miss the bat.
The bat is heavily wounded.
The bat hits you but does no damage. The bat barely misses you.
The jackal misses you. The jackal barely misses you.
You closely miss the bat. The bat closely misses you. x2
The jackal barely misses you. The jackal attacks as you move away!
The jackal misses you. The kobold barely misses you.
The bat hits you but does no damage. The kobold attacks as you move away!
The kobold hits you with a +0 short sword.
You die...

.......).#.# ..........#
..........# ..........#
(..#h..# . #.##.#>#
...###########.##...#...
.......Khhb............#
...#..@########........
.......b# ..........
...##...# #.......#...
## #.... .[...........
#.... ........[.##..
....###########.. ..
.....# ### #######


You could see 2 jackals, 2 bats and a kobold.

Vanquished Creatures
  2 jackals (D:1)
  A bat (D:2)
  2 rats
5 creatures vanquished.

Notes
Turn   | Place    | Note
-------+----------+-------------------------------------------
     0 | D:1      | olmar the Mummy Necromancer began the quest for the Orb.
     0 | D:1      | Reached XP level 1. HP: 13/13 MP: 4/4
    36 | D:1      | You fall into a shaft and drop 1 floor!
   215 | D:1      | Slain by a kobold

Illustrated notes

Levels and vault maps discovered:
D:1:      kennysheep_arrival_seaside, layout_rooms, serial_curves,
          eino_curves_04, eino_curves_03, minmay_split_cup_large
D:2:      layout_rooms, kennysheep_path_1

Action                     || total
---------------------------++-------
  Melee: Unarmed           ||    12
   Cast: Necrotise         ||    12
    Use: Scroll            ||     1
 Armour: Robe              ||     7
  Dodge: Dodged            ||    38
